 Dungeon Crawl Stone Soup version 0.26.0-10-g1f06aea511 (webtiles) character file.

Game seed: 18296084524737059978

360 Borgoz the Slasher (level 6, 44/48 HPs)
             Began as a Ghoul Gladiator on Jan 13, 2021.
             Quit the game on level 3 of the Dungeon.
             The game lasted 00:04:08 (2969 turns).

Borgoz the Slasher (Ghoul Gladiator)                Turns: 2969, Time: 00:04:08

Health: 44/48      AC:  4    Str: 18    XL:     6   Next: 65%
Magic:  5/5        EV: 13    Int:  3    God:
Gold:   112        SH:  0    Dex: 12    Spells: 5/5 levels left

rFire    . . .     SeeInvis +   a - +0 long sword
rCold    + . .     Faith    .   (no shield)
rNeg     + + +     Spirit   .   b - +0 leather armour
rPois    ∞         Reflect  .   c - +0 helmet
rElec    .         Harm     .   (no cloak)
rCorr    .         Rampage  .   (no gloves)
Will     .....                  (no boots)
Stlth    +.........             (no amulet)
HPRegen  0.00/turn              e - ring of see invisible
MPRegen  0.09/turn              (no ring)

@: very slow
A: claws 1, cold resistance 1, negative energy resistance 3, inhibited
regeneration, torment resistance, unbreathing
a: no special abilities


You were on level 3 of the Dungeon.
You visited 1 branch of the dungeon, and saw 3 of its levels.

You collected 112 gold pieces.

Inventory:

Hand Weapons
 a - a +0 long sword (weapon)
Missiles
 d - 3 throwing nets (quivered)
Armour
 b - a +0 leather armour (worn)
 c - a +0 helmet (worn)
Jewellery
 e - a ring of see invisible (left claw)
Wands
 p - a wand of flame (28)
 t - a wand of disintegration (3)
Scrolls
 f - 2 scrolls of remove curse
 k - a scroll of enchant weapon
 o - a scroll of fear
Potions
 i - 2 potions of magic
 j - a potion of lignification {unknown}
 l - 3 potions of curing
 q - a potion of heal wounds
 r - a potion of resistance
 s - a potion of degeneration {unknown}


   Skills:
 - Level 2.1 Fighting
 * Level 5.0 Long Blades
 - Level 1.7 Throwing
 + Level 2.6 Armour
 + Level 4.0 Dodging


You had 5 spell levels left.
You didn't know any spells.
Your spell library was empty.

Dungeon Overview and Level Annotations

Branches:
Dungeon (3/15)

Altars:
Okawaru
Vehumet


Innate Abilities, Weirdness & Mutations

You thrive by killing the living.
You are immune to poison.
You have sharp fingernails.
Your flesh is cold resistant. (rC+)
You are immune to negative energy. (rN+++)
You do not regenerate when monsters are visible.
You are immune to unholy pain and torment.
You can survive without breathing.


Message History

A giant cockroach comes into view.
The giant cockroach bites you but does no damage.
Found 15 gold pieces.
The giant cockroach bites you but does no damage.
You slash the giant cockroach!
You kill the giant cockroach!
You enter the shallow water.
Moving in this stuff is going to be slow.
The giant cockroach splashes around in the water.
Found 18 stones.
Your unstable footing causes you to fumble your attack.
The giant cockroach bites you. x2
You barely miss the giant cockroach.
The giant cockroach splashes around in the water.
Your unstable footing causes you to fumble your attack.
The giant cockroach bites you but does no damage.
The giant cockroach barely misses you.
You barely miss the giant cockroach.
The giant cockroach splashes around in the water.
Are you sure you want to abandon this character and quit the game? (Confirm with "yes".)

....... #######..##
......
(..$........##.....)....
.....
............###.........
.#...#......# #........≈
.≈≈≈≈≈......###.......≈.
≈≈≈≈≈≈≈#....##≈...≈≈..≈.
≈≈≈≈≈≈≈.....#≈≈..≈..≈..≈
≈≈≈.≈≈≈.....#≈≈..≈..≈⌠.≈
≈≈≈≈≈≈≈@....#≈≈...≈.⌠≈..
≈≈≈≈≈≈B#.†..#≈≈≈..≈..≈..
.≈≈≈≈≈......##≈≈≈..≈..≈≈
.#..≈#.......##.≈..≈....
...........).##..≈≈.....
#.#.########..#.........
# . ######............
.# .........#........
....<.)..#.#######


You could see a giant cockroach.

Vanquished Creatures
  The ghost of FortyThree the Skirmisher, an amateur VSFi (D:3)
  A bullfrog (D:3)
  A hound (D:2)
  Natasha (thrice) (D:2)
  4 adders
  A shadow imp (D:3)
  A white imp (D:3)
  2 oozes (D:1)
  2 dart slugs
  2 leopard geckos
  An orc (D:3)
  10 bats
  3 giant cockroaches
  4 hobgoblins
  4 jackals (D:1)
  3 quokkas
  3 frilled lizards
  8 goblins
  7 kobolds
  7 rats
68 creatures vanquished.

Notes
Turn   | Place    | Note
-------+----------+-------------------------------------------
     0 | D:1      | Borgoz the Ghoul Gladiator began the quest for the Orb.
     0 | D:1      | Reached XP level 1. HP: 17/17 MP: 0/0
    34 | D:1      | Reached skill level 3 in Long Blades
    34 | D:1      | Reached XP level 2. HP: 21/24 MP: 1/1
   370 | D:1      | Reached XP level 3. HP: 29/29 MP: 2/2
   435 | D:1      | Reached skill level 1 in Armour
   894 | D:2      | Noticed Natasha
   902 | D:2      | Killed Natasha
   903 | D:2      | Reached XP level 4. HP: 28/36 MP: 3/3
  1018 | D:2      | Found a radiant altar of Vehumet.
  1616 | D:2      | Noticed Natasha
  1623 | D:2      | Killed Natasha
  1624 | D:2      | Reached skill level 4 in Long Blades
  1624 | D:2      | Reached XP level 5. HP: 37/41 MP: 4/4
  2041 | D:2      | Noticed Natasha
  2046 | D:2      | Killed Natasha
  2592 | D:3      | Found an iron altar of Okawaru.
  2619 | D:3      | Found a runed translucent door.
  2641 | D:3      | Noticed FortyThree's ghost (amateur VSFi)
  2652 | D:3      | Reached XP level 6. HP: 42/48 MP: 5/5
  2669 | D:3      | HP: 2/48 [FortyThree's ghost (11)]
  2675 | D:3      | Killed FortyThree's ghost
  2676 | D:3      | Reached skill level 5 in Long Blades
  2969 | D:3      | Quit the game

Illustrated notes

Levels and vault maps discovered:
D:1:      dpeg_arrival_orchard, layout_loops_ring
D:2:      layout_basic, vehumet_crystals, hangedman_decor_growths, uniq_natasha
D:3:      cheibrodos_helix_gallery, layout_basic, nzn_wu_jian_council_hall,
          lemuel_round_altar, cheibrodos_sewer_entry_drain,
          ebering_ghost_sewer_d, minmay_crystal_room, grunt_ministairs_3,
          grunt_decor_cap

Skill      XL: |  1  2  3  4  5  6 |
---------------+-------------------+-----
Long Blades    | 3 4 5 |  5.0
Dodging        | 3 4 |  4.0
Armour         | 1 2 |  2.6
Fighting       | |  2.1
Throwing       | |  1.7

Action                   |  1- 3 |  4- 6 || total
-------------------------+-------+-------++-------
Melee: Long sword        |    73 |   143 ||   216
  Use: Scroll            |       |    10 ||    10
       Potion            |       |     2 ||     2
Armor: Leather armour    |    39 |    37 ||    76
Dodge: Dodged            |    70 |   136 ||   206
       Rpst.: Long sword |    23 |    35 ||    58
